MWL (24 & UNDER)
CINCINNATI PRIDE @ BARRY'S BAY ORIOLES
09/18/2028
 
TOP OF THE 1ST
Cincinnati Pride batting - Pitching for Barry's Bay Orioles : RHP Artie Hall
Pitching: RHP Artie Hall
Batting: SHB Jaime Martínez 0-0: Ball
1-0: Foul Ball, location: 2F
1-1: Swinging Strike
1-2: Ground out 4-3 (Groundball, 4)
Batting: LHB Will O'Dell 0-0: Called Strike
0-1: Foul Ball, location: 2F
0-2: Foul Ball, location: 2F
0-2: Ball
1-2: Ground out 4-3 (Groundball, 4)
Batting: RHB Jorge Flores 0-0: Ball
1-0: Called Strike
1-1: Ground out 1-3 (Groundball, 15S)
Top of the 1st over - 0 run(s), 0 hit(s), 0 error(s), 0 left on base; Cincinnati 0 - Barry's Bay 0
BOTTOM OF THE 1ST
Barry's Bay Orioles batting - Pitching for Cincinnati Pride : LHP Jon Bridges
Pitching: LHP Jon Bridges
Batting: LHB Ryan Rheaume 0-0: Called Strike
0-1: Foul Ball, location: 2F
0-2: Strikes out looking
Batting: LHB Lúcio Gómez 0-0: Foul Ball, location: 2F
0-1: Foul Ball, location: 2F
0-2: Foul Ball, location: 2F
0-2: Strikes out swinging
Batting: SHB Garrett Waller 0-0: Ball
1-0: Foul Ball, location: 2F
1-1: Foul Ball, location: 2F
1-2: Reached on error, E6 (Groundball, 6)
Batting: RHB Jim Martin 0-0: Foul Ball, location: 2F
0-1: Ball
1-1: Swinging Strike
1-2: Ball
2-2: Strikes out swinging
Bottom of the 1st over - 0 run(s), 0 hit(s), 1 error(s), 1 left on base; Cincinnati 0 - Barry's Bay 0
TOP OF THE 2ND
Cincinnati Pride batting - Pitching for Barry's Bay Orioles : RHP Artie Hall
Batting: LHB Iván Vázquez 0-0: Called Strike
0-1: Fly out, F8 (Flyball, 8LD)
Batting: RHB Bartolo Montero 0-0: Ball
1-0: Swinging Strike
1-1: Ball
2-1: Foul Ball, location: 2F
2-2: Foul Ball, location: 2F
2-2: Fly out, F9 (Flyball, 89M)
Batting: RHB Francisco Domínguez 0-0: Ball
1-0: Ball
2-0: Foul Ball, location: 2F
2-1: Foul Ball, location: 2F
2-2: SINGLE (Line Drive, 6)
Batting: RHB Dan McKay 0-0: Ball
1-0: Foul Ball, location: 2F
1-1: Ball
Throwing error on steal attempt, E2
Francisco Domínguez to third
2-1: Foul Ball, location: 2F
2-2: Ball
3-2: Foul Ball, location: 2F
3-2: SINGLE (Flyball, 78S)
Francisco Domínguez scores
Batting: RHB Gary Miller 0-0: Ball
1-0: Called Strike
1-1: Foul Ball, location: 2F
1-2: Strikes out swinging
Top of the 2nd over - 1 run(s), 2 hit(s), 1 error(s), 1 left on base; Cincinnati 1 - Barry's Bay 0
BOTTOM OF THE 2ND
Barry's Bay Orioles batting - Pitching for Cincinnati Pride : LHP Jon Bridges
Batting: SHB Terry Christian 0-0: Foul Ball, location: 2F
0-1: Called Strike
0-2: Ball
1-2: Fly out, F3 (Popup, 34S)
Batting: LHB Joe Vásquez 0-0: Ball
1-0: Called Strike
1-1: Ball
2-1: Foul Ball, location: 2F
2-2: Strikes out swinging
Batting: RHB Octávio Aldeguer 0-0: Called Strike
0-1: Fly out, F9 (Flyball, 9LSF)
Bottom of the 2nd over - 0 run(s), 0 hit(s), 0 error(s), 0 left on base; Cincinnati 1 - Barry's Bay 0
TOP OF THE 3RD
Cincinnati Pride batting - Pitching for Barry's Bay Orioles : RHP Artie Hall
Batting: SHB Keith Hale 0-0: Swinging Strike
0-1: Swinging Strike
0-2: Ball
1-2: SINGLE (Flyball, 7S)
Batting: SHB Jaime Martínez 0-0: SINGLE (Line Drive, 6MD)
Keith Hale to second
Batting: LHB Will O'Dell 0-0: Ball
1-0: Ball
2-0: Ball
3-0: Called Strike
3-1: Fly out, F9 (Flyball, 89D)
Runner from 2nd tags up, SAFE at 3rd, no throw
Batting: RHB Jorge Flores 0-0: Called Strike
Jaime Martínez steals 2nd base
0-1: Ground out 5-3 (Groundball, 56)
Keith Hale scores
Batting: LHB Iván Vázquez 0-0: Called Strike
0-1: Swinging Strike
0-2: Ball
1-2: Strikes out swinging
Top of the 3rd over - 1 run(s), 2 hit(s), 0 error(s), 1 left on base; Cincinnati 2 - Barry's Bay 0
BOTTOM OF THE 3RD
Barry's Bay Orioles batting - Pitching for Cincinnati Pride : LHP Jon Bridges
Batting: RHB River Cunningham 0-0: SINGLE (Groundball, 5D)
Batting: RHB Bart Wade 0-0: Foul Ball, location: 2F
0-1: Ball
1-1: Ball
2-1: Ball
3-1: Base on Balls
River Cunningham to second
Batting: LHB Ryan Rheaume 0-0: SINGLE (Line Drive, 4D)
River Cunningham to third
Bart Wade to second
Runner from 3rd tries for Home, SAFE, no throw
Batting: LHB Lúcio Gómez 0-0: Called Strike
0-1: Foul Ball, location: 2F
0-2: Ball
1-2: Ball
2-2: Ball
3-2: Foul Ball, location: 2F
3-2: Strikes out looking
Batting: SHB Garrett Waller 0-0: Ball
1-0: Foul Ball, location: 2F
1-1: Foul Ball, location: 2F
1-2: Strikes out swinging
Batting: RHB Jim Martin 0-0: Ball
1-0: 3-RUN HOME RUN (Flyball, 78XD), Distance : 373 ft
Batting: SHB Terry Christian 0-0: Called Strike
0-1: Ground out 6-3 (Groundball, 6D)
Bottom of the 3rd over - 4 run(s), 3 hit(s), 0 error(s), 0 left on base; Cincinnati 2 - Barry's Bay 4
TOP OF THE 4TH
Cincinnati Pride batting - Pitching for Barry's Bay Orioles : RHP Artie Hall
Batting: RHB Bartolo Montero 0-0: Ball
1-0: SOLO HOME RUN (Flyball, 8LXD), Distance : 399 ft
Batting: RHB Francisco Domínguez 0-0: Foul Ball, location: 2F
0-1: Foul Ball, location: 2F
0-2: Strikes out swinging
Batting: RHB Dan McKay 0-0: Foul Ball, location: 2F
0-1: Ball
1-1: Foul Ball, location: 2F
1-2: Ball
2-2: Ground out 5-3 (Groundball, 5S)
Batting: RHB Gary Miller 0-0: Fly out, F8 (Flyball, 8RD)
Top of the 4th over - 1 run(s), 1 hit(s), 0 error(s), 0 left on base; Cincinnati 3 - Barry's Bay 4
BOTTOM OF THE 4TH
Barry's Bay Orioles batting - Pitching for Cincinnati Pride : LHP Jon Bridges
Batting: LHB Joe Vásquez 0-0: Called Strike
0-1: Swinging Strike
0-2: Ball
1-2: Ball
2-2: Strikes out swinging
Batting: RHB Octávio Aldeguer 0-0: Ball
1-0: Fly out, F9 (Flyball, 9S)
Batting: RHB River Cunningham 0-0: Ball
1-0: Foul Ball, location: 2F
1-1: Ball
2-1: Fly out, F8 (Flyball, 8LM)
Bottom of the 4th over - 0 run(s), 0 hit(s), 0 error(s), 0 left on base; Cincinnati 3 - Barry's Bay 4
TOP OF THE 5TH
Cincinnati Pride batting - Pitching for Barry's Bay Orioles : RHP Artie Hall
Batting: SHB Keith Hale 0-0: Called Strike
0-1: Ball
1-1: Ball
2-1: Ball
3-1: Base on Balls
Batting: SHB Jaime Martínez 0-0: Ball
1-0: Fly out, F9 (Flyball, 9S)
Batting: LHB Will O'Dell 0-0: Foul Ball, location: 2F
0-1: Called Strike
Keith Hale steals 2nd base
0-2: Foul Ball, location: 2F
0-2: Ball
1-2: Ball
2-2: Ground out 4-3 (Groundball, 4)
Keith Hale to third
Batting: RHB Jorge Flores 0-0: Ball
1-0: Ball
2-0: Fly out, F4 (Popup, 34)
Top of the 5th over - 0 run(s), 0 hit(s), 0 error(s), 1 left on base; Cincinnati 3 - Barry's Bay 4
BOTTOM OF THE 5TH
Barry's Bay Orioles batting - Pitching for Cincinnati Pride : LHP Jon Bridges
Batting: RHB Bart Wade 0-0: Ball
1-0: Ball
2-0: Ground out 4-3 (Groundball, 4)
Batting: LHB Ryan Rheaume 0-0: Ball
1-0: SINGLE (Groundball, 3D)
Batting: LHB Lúcio Gómez 0-0: Foul Ball, location: 2F
0-1: Ball
1-1: Ball
2-1: Ball
3-1: Fly out, F9 (Flyball, 9)
Batting: SHB Garrett Waller 0-0: Ball
1-0: Swinging Strike
1-1: Called Strike
1-2: Foul Ball, location: 2F
1-2: Ball
2-2: Strikes out looking
Bottom of the 5th over - 0 run(s), 1 hit(s), 0 error(s), 1 left on base; Cincinnati 3 - Barry's Bay 4
TOP OF THE 6TH
Cincinnati Pride batting - Pitching for Barry's Bay Orioles : RHP Artie Hall
Batting: LHB Iván Vázquez 0-0: Ball
1-0: Foul Ball, location: 2F
1-1: Foul Ball, location: 2F
1-2: Fly out, F3 (Popup, 3L)
Batting: RHB Bartolo Montero 0-0: Ball
1-0: Called Strike
1-1: Foul Ball, location: 2F
1-2: Ball
2-2: Foul Ball, location: 2F
2-2: Strikes out swinging
Batting: RHB Francisco Domínguez 0-0: Called Strike
0-1: Ball
1-1: Swinging Strike
1-2: Ball
2-2: Foul Ball, location: 2F
2-2: Foul Ball, location: 2F
2-2: Ground out 5-3 (Groundball, 56)
Top of the 6th over - 0 run(s), 0 hit(s), 0 error(s), 0 left on base; Cincinnati 3 - Barry's Bay 4
BOTTOM OF THE 6TH
Barry's Bay Orioles batting - Pitching for Cincinnati Pride : LHP Jon Bridges
Batting: RHB Jim Martin 0-0: Called Strike
0-1: SINGLE (Line Drive, 78M)
Batting: SHB Terry Christian 0-0: Ball
1-0: Swinging Strike
1-1: Swinging Strike
1-2: Ball
2-2: Ball
3-2: Hit by Pitch
Jim Martin to second
Batting: LHB Joe Vásquez 0-0: Ball
1-0: Ball
2-0: Fly out, F9 (Line Drive, 9D)
Runner from 2nd tags up, SAFE at 3rd, no throw
Pitching: RHP Basilio Bea
Batting: RHB Octávio Aldeguer 0-0: Ball
1-0: Ball
2-0: SINGLE (Line Drive, 4MD)
Jim Martin scores
Terry Christian to second
Batting: RHB River Cunningham 0-0: Ball
1-0: Called Strike
1-1: Ball
Terry Christian steals 3rd base
Octávio Aldeguer to second
2-1: Ball
Wild Pitch!
Terry Christian scores
Octávio Aldeguer to third
3-1: Called Strike
3-2: SINGLE (Flyball, 7S)
Octávio Aldeguer scores
Batting: RHB Bart Wade 0-0: Called Strike
0-1: Foul Ball, location: 2F
0-2: SINGLE (Groundball, 56D)
River Cunningham to second
Batting: LHB Ryan Rheaume 0-0: Grounds into double play, 4-6-3 (Groundball, 4)
Bottom of the 6th over - 3 run(s), 4 hit(s), 0 error(s), 1 left on base; Cincinnati 3 - Barry's Bay 7
TOP OF THE 7TH
Cincinnati Pride batting - Pitching for Barry's Bay Orioles : RHP Artie Hall
Pitching: RHP Billy Jacobs
Batting: RHB Dan McKay 0-0: Called Strike
0-1: Ball
1-1: Called Strike
1-2: Ball
2-2: Ball
3-2: Base on Balls
Batting: RHB Gary Miller 0-0: Ball
1-0: Foul Ball, location: 2F
1-1: DOUBLE (Flyball, 7D)
Dan McKay to third
Runner from 3rd tries for Home, SAFE, no throw
Batting: SHB Keith Hale 0-0: Called Strike
0-1: Called Strike
0-2: Foul Ball, location: 2F
0-2: Strikes out looking
Batting: SHB Jaime Martínez 0-0: Ball
1-0: Foul Ball, location: 2F
1-1: Ball
2-1: Foul Ball, location: 2F
2-2: Strikes out swinging
Batting: LHB Will O'Dell 0-0: Ball
1-0: SINGLE (Line Drive, 56)
Gary Miller to third
Runner from 3rd tries for Home, SAFE, no throw
Pitching: LHP Edwin Parker
Batting: RHB Jorge Flores 0-0: Ball
1-0: Called Strike
1-1: Ball
2-1: Ground out 1-3 (Groundball, 15S)
Top of the 7th over - 2 run(s), 2 hit(s), 0 error(s), 1 left on base; Cincinnati 5 - Barry's Bay 7
BOTTOM OF THE 7TH
Barry's Bay Orioles batting - Pitching for Cincinnati Pride : RHP Basilio Bea
Batting: LHB Lúcio Gómez 0-0: Foul Ball, location: 2F
0-1: Called Strike
0-2: Foul Ball, location: 2F
0-2: Ball
1-2: Ball
2-2: Strikes out swinging
Batting: SHB Garrett Waller 0-0: Ball
1-0: SINGLE (Line Drive, 34)
Batting: RHB Jim Martin 0-0: Ball
1-0: Ball
2-0: Ball
3-0: Called Strike
3-1: Base on Balls
Garrett Waller to second
Batting: SHB Terry Christian 0-0: Foul Ball, location: 2F
0-1: Called Strike
0-2: Ball
1-2: Foul Ball, location: 2F
1-2: Ball
2-2: Fielders Choice at 2nd, 4-6 (Groundball, 4M)
Garrett Waller to third
Batting: LHB Joe Vásquez 0-0: Ball
1-0: Foul Ball, location: 2F
1-1: Foul Ball, location: 2F
1-2: Foul Ball, location: 2F
1-2: Ball
2-2: Foul Ball, location: 2F
2-2: Ball
3-2: Foul Ball, location: 2F
3-2: Foul Ball, location: 2F
3-2: Ground out 4-3 (Groundball, 34)
Bottom of the 7th over - 0 run(s), 1 hit(s), 0 error(s), 2 left on base; Cincinnati 5 - Barry's Bay 7
TOP OF THE 8TH
Cincinnati Pride batting - Pitching for Barry's Bay Orioles : LHP Edwin Parker
Now in RF: Jim MacAchounich
Batting: LHB Iván Vázquez 0-0: Called Strike
0-1: Swinging Strike
0-2: Foul Ball, location: 2F
0-2: Ball
1-2: Ball
2-2: Foul Ball, location: 2F
2-2: Strikes out swinging
Batting: RHB Bartolo Montero 0-0: Ball
1-0: Ball
2-0: Swinging Strike
2-1: Swinging Strike
2-2: Ball
3-2: Strikes out swinging
Batting: RHB Francisco Domínguez 0-0: Ball
1-0: Swinging Strike
1-1: Swinging Strike
1-2: Strikes out looking
Top of the 8th over - 0 run(s), 0 hit(s), 0 error(s), 0 left on base; Cincinnati 5 - Barry's Bay 7
BOTTOM OF THE 8TH
Barry's Bay Orioles batting - Pitching for Cincinnati Pride : RHP Basilio Bea
Batting: RHB Octávio Aldeguer 0-0: SOLO HOME RUN (Flyball, 78XD), Distance : 373 ft
Pitching: RHP Júlio Ovies
Batting: RHB River Cunningham 0-0: Ball
1-0: Ball
2-0: Ball
3-0: Base on Balls
Batting: RHB Bart Wade 0-0: Bunt - Flyout! F2
Batting: LHB Ryan Rheaume 0-0: Called Strike
0-1: Called Strike
0-2: Ball
1-2: Ball
2-2: Strikes out looking
Batting: LHB Lúcio Gómez 0-0: Ball
1-0: Ball
Wild Pitch!
River Cunningham to second
2-0: Ball
3-0: Base on Balls
Batting: SHB Garrett Waller 0-0: Called Strike
0-1: Ball
1-1: Foul Ball, location: 2F
1-2: Fly out, F9 (Flyball, 9)
Bottom of the 8th over - 1 run(s), 1 hit(s), 0 error(s), 2 left on base; Cincinnati 5 - Barry's Bay 8
TOP OF THE 9TH
Cincinnati Pride batting - Pitching for Barry's Bay Orioles : LHP Edwin Parker
Pitching: LHP Mathew Bentley
Batting: RHB Dan McKay 0-0: Ground out 4-3 (Groundball, 4)
Batting: RHB Gary Miller 0-0: Foul Ball, location: 2F
0-1: Called Strike
0-2: Strikes out swinging
Batting: SHB Keith Hale 0-0: Called Strike
0-1: Reached on error, E5 (Groundball, 56S)
Batting: SHB Jaime Martínez 0-0: Called Strike
0-1: Swinging Strike
0-2: Ball
1-2: Strikes out swinging
Top of the 9th over - 0 run(s), 0 hit(s), 1 error(s), 1 left on base; Cincinnati 5 - Barry's Bay 8
Tuesday, August 8th, 2017 - OOTP Baseball 17.12 Build 75